WCHLSIM.com - West Coast Hockey League
html PUBLIC "-//W3C//DTD XHTML 1.0 Transitional//EN" "http://www.w3.org/TR/xhtml1/DTD/xhtml1-transitional.dtd"> WCHL - Game 28 - WINNIPEG BEAVERS vs REGINA FALCONS

WINNIPEG BEAVERS vs REGINA FALCONS

Created - 30 mai 2021 at 20:22

Goals
1 2 3 T
WINNIPEG BEAVERS 1 0 1 2
REGINA FALCONS 0 2 2 4
Shots
1 2 3 T
WINNIPEG BEAVERS 11 3 7 21
REGINA FALCONS 7 16 14 37

1st period

1. WINNIPEG BEAVERS , Joel Armia 1 (Patrick Marleau 1) at 0:56

Penalties :
Nick Cousins (REG) for Roughing (Double Minor) at 5:38, Carson Soucy (WIN) for Slashing (Minor) at 14:47, Brenden Dillon (REG) for Fighting (Major) at 18:49, David Krejci (WIN) for Fighting (Major) at 18:49

2nd period

2. REGINA FALCONS , Max Pacioretty 3 (Jonathan Audy-Marchessault 3, Jonathan Miller 2) at 6:28
3. REGINA FALCONS , Jonathan Miller 2 (Marc-Edouard Vlasic 1) at 19:11

Penalties :
Aaron Ekblad (REG) for Slashing (Minor) at 14:17

3rd period

4. REGINA FALCONS , Tanner Pearson 2 (David Pastrnak 2, Aaron Ekblad 1) at 3:37
5. REGINA FALCONS , Jonathan Miller 3 (Max Pacioretty 3) at 4:05
6. WINNIPEG BEAVERS , Brad Marchand 4 (Mika Zibanejad 4, Linus Ullmark) at 4:50 (PP)

Penalties :
Corey Perry (REG) for Tripping (Minor) at 4:13, Justin Braun (WIN) for Interference (Minor) at 10:22

Goalie Stats

Linus Ullmark (WIN), 33 saves from 37 shots - (0,892), L, 1-2-0, 60:00 minutes
Tristan Jarry (REG), 19 saves from 21 shots - (0,905), W, 3-1-0, 60:00 minutes

Players Stats for WINNIPEG BEAVERS

Player Name              G  A  P  +/- PIM S  H  SB GA TA FO     MP     PP MP  PK MP  
------------------------------------------------------------------------------------
Alexander Radulov        0  0  0  -2  0   2  0  0  0  0  0/1    18:45   3:32   0:00 
Anthony DeAngelo         0  0  0  -2  0   0  2  0  0  0  0/0    22:08   3:10   0:34 
Brad Marchand            1  0  1  -2  0   5  1  0  0  0  3/7    24:19   3:32   1:45 
Brandon Tanev            0  0  0   1  0   0  0  0  0  0  0/1    10:42   0:00   0:00 
Carson Soucy             0  0  0   1  2   0  0  0  0  0  0/0    16:20   0:17   0:38 
Colin Wilson             0  0  0   0  0   0  0  0  0  0  0/1     7:09   0:00   0:00 
David Krejci             0  0  0  -2  5   1  0  1  0  0  9/21   18:12   3:59   1:45 
Dylan DeMelo             0  0  0  -2  0   0  0  1  0  0  0/0    20:27   3:08   1:42 
Ian Cole                 0  0  0  -2  0   1  1  1  0  0  0/0    21:52   2:36   1:42 
Joe Pavelski             0  0  0  -2  0   2  0  0  0  0  4/9    21:39   3:03   2:13 
Joel Armia               1  0  1   1  0   5  0  0  0  0  0/0    15:58   3:03   2:13 
Justin Braun             0  0  0  -2  2   0  2  0  0  0  0/0    17:30   0:00   1:04 
Kris Russell             0  0  0   1  0   0  0  0  0  0  0/0    17:42   0:00   2:16 
Michael Raffl            0  0  0   0  0   1  0  0  0  0  0/0     7:09   0:00   0:00 
Mika Zibanejad           0  1  1  -2  0   3  0  1  0  0  17/25  19:55   3:32   0:00 
Ondrej Palat             0  0  0  -2  0   1  2  0  0  0  0/1    18:16   3:03   0:00 
Patrick Marleau          0  1  1   1  0   0  0  0  0  0  7/15   10:47   0:00   0:00 
Sean Kuraly              0  0  0   0  0   0  0  0  0  0  2/5     7:09   0:00   0:00 

Players Stats for REGINA FALCONS

Player Name              G  A  P  +/- PIM S  H  SB GA TA FO     MP     PP MP  PK MP  
------------------------------------------------------------------------------------
Aaron Ekblad             0  1  1   2  2   0  1  0  0  0  0/0    24:48   2:19   3:12 
Anton Stralman           0  0  0   2  0   1  4  0  0  0  0/0    25:18   1:39   4:58 
Brenden Dillon           0  0  0  -1  5   0  4  1  0  0  0/0    14:21   0:00   1:14 
Brock McGinn             0  0  0   0  0   1  0  0  0  0  0/0     7:30   0:00   3:45 
Corey Perry              0  0  0  -1  2   1  1  0  0  0  0/0    12:39   1:49   0:00 
David Pastrnak           0  1  1   1  0   5  0  1  0  0  0/1    18:51   2:09   0:00 
Derick Brassard          0  0  0   1  0   0  1  0  0  0  15/31  20:42   1:49   1:28 
Erik Gustafsson          0  0  0  -1  0   0  1  1  0  0  0/0    15:24   1:39   0:00 
Greg McKegg              0  0  0   0  0   0  0  0  0  0  1/3     3:45   0:00   3:45 
Ivan Provorov            0  0  0   2  0   0  0  1  0  0  0/0    20:57   2:19   1:37 
Jonathan Audy-Marchessau 0  1  1   3  0   7  2  0  0  0  1/3    20:18   2:09   0:00 
Jonathan Miller          2  1  3   3  0   4  1  0  0  0  14/26  20:18   2:09   0:00 
Marc-Edouard Vlasic      0  1  1   2  0   0  0  3  0  0  0/0    19:10   0:00   2:09 
Max Pacioretty           1  1  2   3  0   7  1  0  0  0  0/1    19:58   1:49   0:00 
Nick Cousins             0  0  0  -1  4   4  1  0  0  0  2/4    15:14   0:00   1:22 
Richard Panik            0  0  0   0  0   0  0  0  0  0  1/2     6:35   0:00   2:50 
Tanner Pearson           1  0  1   1  0   5  1  0  0  0  0/0    16:42   0:00   0:00 
Tyler Bozak              0  0  0  -1  0   2  0  0  0  0  10/15  10:51   0:00   0:00 

3 Stars

1 - Jonathan Miller (REG)
2 - Max Pacioretty (REG)
3 - Jonathan Audy-Marchessault (REG)

Power Play

WINNIPEG BEAVERS - 1 on 4 Attempt(s) - 25,00%
REGINA FALCONS - 0 on 2 Attempt(s) - 0,00%

Penalty Kill

WINNIPEG BEAVERS - 2 on 2 Attempt(s) - 100,00% - Score 0 goal in Penalty Kill
REGINA FALCONS - 3 on 4 Attempt(s) - 75,00% - Score 0 goal in Penalty Kill

Team Stat

WINNIPEG BEAVERS - Hits : 8 - Faceoff Wins : 42 - Blocked Shots : 4 - Penalty Minutes : 9
REGINA FALCONS - Hits : 18 - Faceoff Wins : 44 - Blocked Shots : 7 - Penalty Minutes : 13

Official

Referees : Tim Peel and Mitch Dunning
Linesman : Luke Galvin and Colin Gates

Game Notes

Brenden Dillon beats up David Krejci at 18:49 of 1st period

Finance

Level 1 -- Attendance: 4201 (70,02%) -- Ticket Income 987 235 $
Level 2 -- Attendance: 3795 (75,90%) -- Ticket Income 683 100 $
Level 3 -- Attendance: 1513 (75,65%) -- Ticket Income 211 820 $
Level 4 -- Attendance: 3588 (89,70%) -- Ticket Income 322 920 $
Luxury Box -- Attendance: 1000 (100,00%) -- Ticket Income 220 000 $
Game was played at the Larouche Arena.
Total Attendance: 14097 (78,32%)
Total Ticket Income: 2 425 075 $
Other Expense: 24 251 $
Total Income: 2 400 824 $

WINNIPEG BEAVERS

5 vs 5 Forward 
   Center                   Left Wing                Right Wing               Time % Phy DF OF 
 1 Mika Zibanejad           Brad Marchand            Joe Pavelski             38     0   1  4  
 2 David Krejci             Ondrej Palat             Alexander Radulov        35     1   2  2  
 3 Patrick Marleau          Brandon Tanev            Joel Armia               25     0   3  2  
 4 Sean Kuraly              Colin Wilson             Michael Raffl            2      1   3  1  

5 vs 5 Defense 
   Defense                  Defense                                           Time % Phy DF OF 
 1 Ian Cole                 Dylan DeMelo                                      31     0   3  2  
 2 Justin Braun             Anthony DeAngelo                                  31     1   3  1  
 3 Kris Russell             Carson Soucy                                      30     1   3  1  
 4 Ian Cole                 Anthony DeAngelo                                  8      1   3  1  

PowerPlay Forward 
   Center                   Left Wing                Right Wing               Time % Phy DF OF 
 1 Mika Zibanejad           Brad Marchand            Alexander Radulov        52     1   1  3  
 2 Joe Pavelski             Ondrej Palat             Joel Armia               48     1   1  3  

PowerPlay Defense
   Defense                  Defense                                           Time % Phy DF OF 
 1 David Krejci             Anthony DeAngelo                                  52     0   1  4  
 2 Dylan DeMelo             Ian Cole                                          48     0   1  4  

Penalty Kill 4 Players Forward 
   Center                   Wing                     Time % Phy DF OF 
 1 Joe Pavelski             Joel Armia               50     0   4  1  
 2 David Krejci             Brad Marchand            50     0   4  1  

Penalty Kill 4 Players Defense
   Defense                  Defense                  Time % Phy DF OF 
 1 Justin Braun             Kris Russell             53     1   4  0  
 2 Ian Cole                 Dylan DeMelo             47     1   4  0  

Penalty Kill - 3 Players Forward 
   Forward                                           Time % Phy DF OF 
 1 Mika Zibanejad                                    50     1   4  0  
 2 Joe Pavelski                                      50     1   4  0  

Penalty Kill - 3 Players Defense
   Defense                  Defense                  Time % Phy DF OF 
 1 Ian Cole                 Anthony DeAngelo         50     1   4  0  
 2 Dylan DeMelo             Carson Soucy             50     1   4  0  

4 vs 4 Forward 
   Center                   Wing                     Time % Phy DF OF 
 1 David Krejci             Brad Marchand            50     1   2  2  
 2 Joe Pavelski             Alexander Radulov        50     1   2  2  

4 vs 4 Defense
   Defense                  Defense                  Time % Phy DF OF 
 1 Ian Cole                 Dylan DeMelo             50     1   2  2  
 2 Kris Russell             Anthony DeAngelo         50     1   2  2  

Last Minutes Offensive
   Center                   Left Wing                Right Wing               Defense                  Defense                  
   Mika Zibanejad           Brad Marchand            Joe Pavelski             Ian Cole                 Anthony DeAngelo         

Last Minutes Defensive
   Center                   Left Wing                Right Wing               Defense                  Defense                  
   Mika Zibanejad           Brad Marchand            Joe Pavelski             Ian Cole                 Anthony DeAngelo         

Goaltenders
Starting : Linus Ullmark            
Backup : Sergei Bobrovsky         

Extra Forwards
Normal : Ondrej Palat, Brad Marchand, Mika Zibanejad - PP : David Krejci, Brad Marchand - PK : Brandon Tanev
Extra Defensemen
Normal : Kris Russell, Ian Cole, Anthony DeAngelo - PP : Dylan DeMelo - PK : Carson Soucy, Ian Cole
Penalty Shots
Brad Marchand, Mika Zibanejad, Joe Pavelski, Ondrej Palat, Alexander Radulov
Custom OT Lines Forwards
Brad Marchand, Mika Zibanejad, Joe Pavelski, Ondrej Palat, David Krejci, Alexander Radulov, Joel Armia, Patrick Marleau, Brandon Tanev, Sean Kuraly
Custom OT Lines Defensemen
Anthony DeAngelo, Ian Cole, Kris Russell, Carson Soucy, Dylan DeMelo

Scratches
None

REGINA FALCONS

5 vs 5 Forward 
   Center                   Left Wing                Right Wing               Time % Phy DF OF 
 1 Jonathan Miller          Max Pacioretty           Jonathan Audy-Marchessaul38     0   1  4  
 2 Derick Brassard          Tanner Pearson           David Pastrnak           36     0   2  3  
 3 Tyler Bozak              Nick Cousins             Corey Perry              23     0   3  2  
 4 Nick Cousins             Brock McGinn             Richard Panik            3      0   4  1  

5 vs 5 Defense 
   Defense                  Defense                                           Time % Phy DF OF 
 1 Aaron Ekblad             Anton Stralman                                    40     0   4  1  
 2 Marc-Edouard Vlasic      Ivan Provorov                                     35     0   4  1  
 3 Erik Gustafsson          Brenden Dillon                                    25     0   4  1  
 4 Erik Gustafsson          Brenden Dillon                                    0      0   4  1  

PowerPlay Forward 
   Center                   Left Wing                Right Wing               Time % Phy DF OF 
 1 Jonathan Miller          Jonathan Audy-MarchessaulDavid Pastrnak           60     0   1  4  
 2 Derick Brassard          Max Pacioretty           Corey Perry              40     0   1  4  

PowerPlay Defense
   Defense                  Defense                                           Time % Phy DF OF 
 1 Aaron Ekblad             Ivan Provorov                                     60     0   1  4  
 2 Anton Stralman           Erik Gustafsson                                   40     0   2  3  

Penalty Kill 4 Players Forward 
   Center                   Wing                     Time % Phy DF OF 
 1 Nick Cousins             Richard Panik            55     0   5  0  
 2 Greg McKegg              Brock McGinn             45     0   5  0  

Penalty Kill 4 Players Defense
   Defense                  Defense                  Time % Phy DF OF 
 1 Aaron Ekblad             Anton Stralman           55     0   5  0  
 2 Marc-Edouard Vlasic      Ivan Provorov            45     0   5  0  

Penalty Kill - 3 Players Forward 
   Forward                                           Time % Phy DF OF 
 1 Nick Cousins                                      55     0   5  0  
 2 Tyler Bozak                                       45     0   5  0  

Penalty Kill - 3 Players Defense
   Defense                  Defense                  Time % Phy DF OF 
 1 Marc-Edouard Vlasic      Ivan Provorov            55     0   5  0  
 2 Aaron Ekblad             Anton Stralman           45     0   5  0  

4 vs 4 Forward 
   Center                   Wing                     Time % Phy DF OF 
 1 Jonathan Miller          Max Pacioretty           55     0   1  4  
 2 Derick Brassard          David Pastrnak           45     0   1  4  

4 vs 4 Defense
   Defense                  Defense                  Time % Phy DF OF 
 1 Aaron Ekblad             Anton Stralman           55     0   4  1  
 2 Marc-Edouard Vlasic      Ivan Provorov            45     0   4  1  

Last Minutes Offensive
   Center                   Left Wing                Right Wing               Defense                  Defense                  
   Jonathan Miller          Max Pacioretty           David Pastrnak           Ivan Provorov            Aaron Ekblad             

Last Minutes Defensive
   Center                   Left Wing                Right Wing               Defense                  Defense                  
   Jonathan Miller          Max Pacioretty           David Pastrnak           Aaron Ekblad             Anton Stralman           

Goaltenders
Starting : Tristan Jarry            
Backup : Anton Khudobin           

Extra Forwards
Normal : Tyler Bozak, Nick Cousins, Corey Perry - PP : Jonathan Audy-Marchessault, Tanner Pearson - PK : Nick Cousins
Extra Defensemen
Normal : Marc-Edouard Vlasic, Brenden Dillon, Erik Gustafsson - PP : Ivan Provorov - PK : Marc-Edouard Vlasic, Brenden Dillon
Penalty Shots
David Pastrnak, Jonathan Miller, Max Pacioretty, Jonathan Audy-Marchessault, Tanner Pearson
Custom OT Lines Forwards
Jonathan Miller, David Pastrnak, Max Pacioretty, Jonathan Audy-Marchessault, Tanner Pearson, Derick Brassard, Tyler Bozak, Corey Perry, Richard Panik, Brock McGinn
Custom OT Lines Defensemen
Aaron Ekblad, Anton Stralman, Ivan Provorov, Marc-Edouard Vlasic, Brenden Dillon

Scratches
Brent Burns (Severed Right Wrist Tendon Injury)

% Time on Ice - WINNIPEG BEAVERS

Lines # - Real PCT - Wanted PCT - Time Play
Normal Forward
1 - 33% - 38% - 16:23
2 - 31% - 35% - 15:13
3 - 22% - 25% - 10:42
4 - 14% - 2% - 7:09
Normal Defense
1 - 32% - 31% - 15:37
2 - 33% - 31% - 16:27
3 - 31% - 30% - 15:26
4 - 4% - 8% - 1:57
PP Forward
1 - 54% - 52% - 3:32
2 - 46% - 48% - 3:03
PP Defense
1 - 61% - 52% - 3:59
2 - 39% - 48% - 2:36
PK Forward
1 - 56% - 50% - 2:13
2 - 44% - 50% - 1:45
PK Defense
1 - 57% - 53% - 2:16
2 - 43% - 47% - 1:42
PK3 Forward
1 - 0% - 50%
2 - 0% - 50%
PK3 Defense
1 - 0% - 50%
2 - 0% - 50%
44 Forward
1 - 0% - 50%
2 - 0% - 50%
44 Defense
1 - 0% - 50%
2 - 0% - 50%
Last Minute Offensive  - 0:00
Last Minute Defensive  - 0:00
Total
Forward - 60:00
Defense - 60:00

% Time on Ice - REGINA FALCONS

Lines # - Real PCT - Wanted PCT - Time Play
Normal Forward
1 - 37% - 38% - 18:09
2 - 34% - 36% - 16:42
3 - 22% - 23% - 10:51
4 - 8% - 3% - 3:45
Normal Defense
1 - 38% - 40% - 18:41
2 - 34% - 35% - 17:01
3 - 27% - 25% - 13:19
4 - 1% - 0% - 0:26
PP Forward
1 - 54% - 60% - 2:09
2 - 46% - 40% - 1:49
PP Defense
1 - 58% - 60% - 2:19
2 - 42% - 40% - 1:39
PK Forward
1 - 43% - 55% - 2:50
2 - 57% - 45% - 3:45
PK Defense
1 - 75% - 55% - 4:58
2 - 25% - 45% - 1:37
PK3 Forward
1 - 0% - 55%
2 - 0% - 45%
PK3 Defense
1 - 0% - 55%
2 - 0% - 45%
44 Forward
1 - 0% - 55%
2 - 0% - 45%
44 Defense
1 - 0% - 55%
2 - 0% - 45%
Last Minute Offensive  - 0:00
Last Minute Defensive  - 0:00
Total
Forward - 60:00
Defense - 60:00

Play-by-Play

1st period


0:01 of 1st period - Mika Zibanejad wins face-off versus Jonathan Miller in neutral zone.
0:04 of 1st period - Shot by Mika Zibanejad.
0:04 of 1st period - Shot Misses the Net.
0:06 of 1st period - Shot by Ian Cole.
0:06 of 1st period - Stopped by Tristan Jarry without a rebound.
0:07 of 1st period - Derick Brassard wins face-off versus David Krejci in REGINA FALCONS zone.
0:07 of 1st period - Derick Brassard is hit by Ondrej Palat.
0:36 of 1st period - Shot by David Krejci.
0:36 of 1st period - Deflect By Alexander Radulov.
0:36 of 1st period - Stopped by Tristan Jarry without a rebound.
0:37 of 1st period - Tyler Bozak wins face-off versus Patrick Marleau in REGINA FALCONS zone.
0:56 of 1st period - Shot by Joel Armia.
0:56 of 1st period - Goal by Joel Armia - WINNIPEG BEAVERS : 1 - REGINA FALCONS : 0.
0:57 of 1st period - Jonathan Miller wins face-off versus Mika Zibanejad in neutral zone.
1:00 of 1st period - Mika Zibanejad is hit by Jonathan Audy-Marchessault and loses puck.
1:11 of 1st period - Shot by Jonathan Miller.
1:11 of 1st period - Shot Misses the Net.
2:26 of 1st period - Off-side.
2:27 of 1st period - Patrick Marleau wins face-off versus Nick Cousins in neutral zone.
3:08 of 1st period - Shot by Corey Perry.
3:08 of 1st period - Shot Hit the Post.
3:33 of 1st period - Icing by David Pastrnak.
3:34 of 1st period - Sean Kuraly wins face-off versus Derick Brassard in REGINA FALCONS zone.
4:30 of 1st period - Shot by Jonathan Audy-Marchessault.
4:30 of 1st period - Stopped by Linus Ullmark without a rebound.
4:31 of 1st period - Nick Cousins wins face-off versus Mika Zibanejad in WINNIPEG BEAVERS zone.
4:52 of 1st period - Shot by Nick Cousins.
4:52 of 1st period - Stopped by Linus Ullmark without a rebound.
4:53 of 1st period - David Krejci wins face-off versus Max Pacioretty in WINNIPEG BEAVERS zone.
4:58 of 1st period - Shot by Jonathan Miller.
4:58 of 1st period - Shot Misses the Net.
5:08 of 1st period - Shot by Max Pacioretty.
5:08 of 1st period - Shot Misses the Net.
5:10 of 1st period - Shot by Aaron Ekblad.
5:10 of 1st period - Shot Misses the Net.
5:12 of 1st period - Shot by Jonathan Miller.
5:12 of 1st period - Deflect By Max Pacioretty.
5:12 of 1st period - Stopped by Linus Ullmark without a rebound.
5:13 of 1st period - Mika Zibanejad wins face-off versus Tyler Bozak in WINNIPEG BEAVERS zone.
5:13 of 1st period - Mika Zibanejad is hit by Corey Perry.
5:16 of 1st period - Brad Marchand is hit by Nick Cousins and loses puck.
5:27 of 1st period - Shot by Corey Perry.
5:27 of 1st period - Shot Blocked by Mika Zibanejad.
5:33 of 1st period - Shot by Nick Cousins.
5:33 of 1st period - Shot Misses the Net.
5:38 of 1st period - Double Minor Penalty to Nick Cousins for Roughing.
5:39 of 1st period - Joe Pavelski wins face-off versus Derick Brassard in REGINA FALCONS zone.
6:45 of 1st period - Icing by Dylan DeMelo.
6:46 of 1st period - Greg McKegg wins face-off versus Mika Zibanejad in WINNIPEG BEAVERS zone.
7:08 of 1st period - Icing by Brad Marchand.
7:09 of 1st period - Mika Zibanejad wins face-off versus Derick Brassard in WINNIPEG BEAVERS zone.
7:14 of 1st period - Shot by Brad Marchand.
7:14 of 1st period - Shot Blocked by Marc-Edouard Vlasic.
7:16 of 1st period - Shot by Brad Marchand.
7:16 of 1st period - Shot Blocked by Ivan Provorov.
7:18 of 1st period - Shot by Mika Zibanejad.
7:18 of 1st period - Stopped by Tristan Jarry without a rebound.
7:19 of 1st period - Derick Brassard wins face-off versus Joe Pavelski in REGINA FALCONS zone.
7:38 of 1st period - Shot by Joe Pavelski.
7:38 of 1st period - Stopped by Tristan Jarry without a rebound.
7:39 of 1st period - Brad Marchand wins face-off versus Greg McKegg in REGINA FALCONS zone.
9:06 of 1st period - Shot by Anthony DeAngelo.
9:06 of 1st period - Deflect By Joe Pavelski.
9:06 of 1st period - Shot Misses the Net.
9:27 of 1st period - Icing by Brad Marchand.
9:28 of 1st period - Mika Zibanejad wins face-off versus Derick Brassard in WINNIPEG BEAVERS zone.
9:39 of 1st period - Shot by Brad Marchand.
9:39 of 1st period - Stopped by Tristan Jarry without a rebound.
9:40 of 1st period - Jonathan Audy-Marchessault wins face-off versus Sean Kuraly in REGINA FALCONS zone.
9:45 of 1st period - Kris Russell is hit by Jonathan Audy-Marchessault and loses puck.
10:20 of 1st period - Shot by Max Pacioretty.
10:20 of 1st period - Shot Misses the Net.
11:02 of 1st period - Shot by David Krejci.
11:02 of 1st period - Shot Misses the Net.
11:04 of 1st period - Shot by David Krejci.
11:04 of 1st period - Deflect By Ondrej Palat.
11:04 of 1st period - Shot Misses the Net.
11:13 of 1st period - Shot by Ondrej Palat.
11:13 of 1st period - Deflect By David Krejci.
11:13 of 1st period - Shot Misses the Net.
11:31 of 1st period - Shot by Mika Zibanejad.
11:31 of 1st period - Shot Misses the Net.
11:39 of 1st period - Shot by Brad Marchand.
11:39 of 1st period - Shot Blocked by Erik Gustafsson.
11:49 of 1st period - Shot by Mika Zibanejad.
11:49 of 1st period - Stopped by Tristan Jarry without a rebound.
11:50 of 1st period - Patrick Marleau wins face-off versus Tyler Bozak in REGINA FALCONS zone.
13:00 of 1st period - Shot by Mika Zibanejad.
13:00 of 1st period - Shot Misses the Net.
13:02 of 1st period - Shot by Mika Zibanejad.
13:02 of 1st period - Stopped by Tristan Jarry without a rebound.
13:03 of 1st period - Richard Panik wins face-off versus Ondrej Palat in REGINA FALCONS zone.
13:10 of 1st period - Shot by Nick Cousins.
13:10 of 1st period - Shot Misses the Net.
13:12 of 1st period - Shot by Brock McGinn.
13:12 of 1st period - Stopped by Linus Ullmark with a rebound.
13:31 of 1st period - Nick Cousins is hit by Anthony DeAngelo and loses puck.
13:44 of 1st period - Shot by David Krejci.
13:44 of 1st period - Stopped by Tristan Jarry without a rebound.
13:45 of 1st period - Mika Zibanejad wins face-off versus Derick Brassard in REGINA FALCONS zone.
13:52 of 1st period - Shot by Tanner Pearson.
13:52 of 1st period - Stopped by Linus Ullmark without a rebound.
13:53 of 1st period - Derick Brassard wins face-off versus Mika Zibanejad in WINNIPEG BEAVERS zone.
14:13 of 1st period - Shot by Brad Marchand.
14:13 of 1st period - Stopped by Tristan Jarry without a rebound.
14:14 of 1st period - David Krejci wins face-off versus Jonathan Audy-Marchessault in REGINA FALCONS zone.
14:24 of 1st period - Ondrej Palat is hit by Brenden Dillon and loses puck.
14:35 of 1st period - Shot by Jonathan Audy-Marchessault.
14:35 of 1st period - Shot Misses the Net.
14:47 of 1st period - Minor Penalty to Carson Soucy for Slashing.
14:48 of 1st period - Derick Brassard wins face-off versus Joe Pavelski in WINNIPEG BEAVERS zone.
15:12 of 1st period - David Krejci is hit by Aaron Ekblad and loses puck.
16:00 of 1st period - Shot by Joe Pavelski.
16:00 of 1st period - Stopped by Tristan Jarry without a rebound.
16:01 of 1st period - Jonathan Miller wins face-off versus Joe Pavelski in REGINA FALCONS zone.
17:22 of 1st period - Shot by Nick Cousins.
17:22 of 1st period - Stopped by Linus Ullmark without a rebound.
17:23 of 1st period - Derick Brassard wins face-off versus Patrick Marleau in WINNIPEG BEAVERS zone.
17:57 of 1st period - Off-side.
17:58 of 1st period - Mika Zibanejad wins face-off versus Jonathan Miller in neutral zone.
18:45 of 1st period - Icing by Jonathan Miller.
18:46 of 1st period - Jonathan Miller wins face-off versus David Krejci in REGINA FALCONS zone.
18:48 of 1st period - Icing by Max Pacioretty.
18:49 of 1st period - David Krejci wins face-off versus Jonathan Miller in REGINA FALCONS zone.
18:49 of 1st period - Brenden Dillon beats up David Krejci.
18:49 of 1st period - Penalty to Brenden Dillon for Fighting.
18:49 of 1st period - Penalty to David Krejci for Fighting.
18:50 of 1st period - Brad Marchand wins face-off versus Derick Brassard in REGINA FALCONS zone.
19:37 of 1st period - Icing by Ian Cole.
19:38 of 1st period - Jonathan Miller wins face-off versus Brad Marchand in WINNIPEG BEAVERS zone.
19:45 of 1st period - Shot by Max Pacioretty.
19:45 of 1st period - Stopped by Linus Ullmark without a rebound.
19:46 of 1st period - Jonathan Miller wins face-off versus Patrick Marleau in WINNIPEG BEAVERS zone.
Goals for this period are 1 for WINNIPEG BEAVERS vs 0 for REGINA FALCONS.
Shots for this period are 11 for WINNIPEG BEAVERS vs 7 for REGINA FALCONS.

2nd period


0:01 of 2nd period - Mika Zibanejad wins face-off versus Jonathan Miller in neutral zone.
0:16 of 2nd period - Shot by Jonathan Audy-Marchessault.
0:16 of 2nd period - Stopped by Linus Ullmark without a rebound.
0:17 of 2nd period - Derick Brassard wins face-off versus Brad Marchand in WINNIPEG BEAVERS zone.
0:17 of 2nd period - Derick Brassard is hit by Justin Braun.
0:22 of 2nd period - Icing by Justin Braun.
0:23 of 2nd period - Tyler Bozak wins face-off versus Brad Marchand in WINNIPEG BEAVERS zone.
0:23 of 2nd period - Nick Cousins is hit by Anthony DeAngelo and loses puck.
0:38 of 2nd period - Shot by Corey Perry.
0:38 of 2nd period - Deflect By Tyler Bozak.
0:38 of 2nd period - Stopped by Linus Ullmark with a rebound.
1:00 of 2nd period - Aaron Ekblad is hit by Ondrej Palat.
1:17 of 2nd period - Icing by Aaron Ekblad.
1:18 of 2nd period - Patrick Marleau wins face-off versus Tyler Bozak in REGINA FALCONS zone.
1:56 of 2nd period - Shot by David Pastrnak.
1:56 of 2nd period - Shot Misses the Net.
2:08 of 2nd period - Shot by Tanner Pearson.
2:08 of 2nd period - Stopped by Linus Ullmark without a rebound.
2:09 of 2nd period - Mika Zibanejad wins face-off versus Jonathan Miller in WINNIPEG BEAVERS zone.
2:18 of 2nd period - Shot by Joe Pavelski.
2:18 of 2nd period - Shot Hit the Post.
2:28 of 2nd period - Kris Russell is hit by Jonathan Miller and loses puck.
2:45 of 2nd period - Shot by Max Pacioretty.
2:45 of 2nd period - Deflect By Jonathan Miller.
2:45 of 2nd period - Stopped by Linus Ullmark without a rebound.
2:46 of 2nd period - Patrick Marleau wins face-off versus Derick Brassard in WINNIPEG BEAVERS zone.
2:50 of 2nd period - Off-side.
2:51 of 2nd period - Derick Brassard wins face-off versus Brad Marchand in neutral zone.
3:56 of 2nd period - Icing by Ian Cole.
3:57 of 2nd period - Patrick Marleau wins face-off versus Jonathan Miller in WINNIPEG BEAVERS zone.
4:11 of 2nd period - Icing by Ian Cole.
4:12 of 2nd period - Tyler Bozak wins face-off versus Patrick Marleau in WINNIPEG BEAVERS zone.
4:19 of 2nd period - Shot by Nick Cousins.
4:19 of 2nd period - Stopped by Linus Ullmark without a rebound.
4:20 of 2nd period - Jonathan Miller wins face-off versus David Krejci in WINNIPEG BEAVERS zone.
4:27 of 2nd period - Shot by Max Pacioretty.
4:27 of 2nd period - Shot Misses the Net.
4:29 of 2nd period - Shot by Max Pacioretty.
4:29 of 2nd period - Stopped by Linus Ullmark with a rebound.
4:53 of 2nd period - Off-side.
4:54 of 2nd period - Joe Pavelski wins face-off versus Derick Brassard in neutral zone.
6:01 of 2nd period - Shot by Jonathan Audy-Marchessault.
6:01 of 2nd period - Stopped by Linus Ullmark with a rebound.
6:28 of 2nd period - Shot by Max Pacioretty.
6:28 of 2nd period - Goal by Max Pacioretty - WINNIPEG BEAVERS : 1 - REGINA FALCONS : 1.
6:29 of 2nd period - Tyler Bozak wins face-off versus Patrick Marleau in neutral zone.
6:40 of 2nd period - Shot by Tyler Bozak.
6:40 of 2nd period - Stopped by Linus Ullmark without a rebound.
6:41 of 2nd period - Nick Cousins wins face-off versus Sean Kuraly in WINNIPEG BEAVERS zone.
8:02 of 2nd period - Icing by Aaron Ekblad.
8:03 of 2nd period - Mika Zibanejad wins face-off versus Jonathan Miller in REGINA FALCONS zone.
8:40 of 2nd period - Shot by Mika Zibanejad.
8:40 of 2nd period - Shot Misses the Net.
8:45 of 2nd period - Icing by Max Pacioretty.
8:46 of 2nd period - Jonathan Miller wins face-off versus David Krejci in REGINA FALCONS zone.
9:03 of 2nd period - Shot by Ondrej Palat.
9:03 of 2nd period - Stopped by Tristan Jarry without a rebound.
9:04 of 2nd period - Patrick Marleau wins face-off versus David Pastrnak in REGINA FALCONS zone.
10:06 of 2nd period - Shot by Brad Marchand.
10:06 of 2nd period - Shot Misses the Net.
10:24 of 2nd period - Shot by Corey Perry.
10:24 of 2nd period - Shot Misses the Net.
11:12 of 2nd period - Jonathan Miller is hit by Justin Braun and loses puck.
11:17 of 2nd period - Shot by Max Pacioretty.
11:17 of 2nd period - Shot Misses the Net.
11:19 of 2nd period - Shot by Anton Stralman.
11:19 of 2nd period - Stopped by Linus Ullmark without a rebound.
11:20 of 2nd period - Derick Brassard wins face-off versus David Krejci in WINNIPEG BEAVERS zone.
11:21 of 2nd period - Shot by David Pastrnak.
11:21 of 2nd period - Stopped by Linus Ullmark without a rebound.
11:22 of 2nd period - Derick Brassard wins face-off versus David Krejci in WINNIPEG BEAVERS zone.
11:23 of 2nd period - Shot by David Pastrnak.
11:23 of 2nd period - Deflect By Tanner Pearson.
11:23 of 2nd period - Stopped by Linus Ullmark without a rebound.
11:24 of 2nd period - Derick Brassard wins face-off versus David Krejci in WINNIPEG BEAVERS zone.
12:07 of 2nd period - Shot by David Pastrnak.
12:07 of 2nd period - Stopped by Linus Ullmark without a rebound.
12:08 of 2nd period - Tyler Bozak wins face-off versus Brandon Tanev in WINNIPEG BEAVERS zone.
12:33 of 2nd period - Icing by Nick Cousins.
12:34 of 2nd period - Mika Zibanejad wins face-off versus Tyler Bozak in REGINA FALCONS zone.
13:24 of 2nd period - Shot by Max Pacioretty.
13:24 of 2nd period - Shot Misses the Net.
13:26 of 2nd period - Shot by Ivan Provorov.
13:26 of 2nd period - Shot Misses the Net.
13:49 of 2nd period - Jonathan Miller is hit by Ian Cole and loses puck.
13:54 of 2nd period - Shot by Max Pacioretty.
13:54 of 2nd period - Stopped by Linus Ullmark without a rebound.
13:55 of 2nd period - Derick Brassard wins face-off versus David Krejci in WINNIPEG BEAVERS zone.
14:04 of 2nd period - Shot by Tanner Pearson.
14:04 of 2nd period - Stopped by Linus Ullmark without a rebound.
14:05 of 2nd period - Derick Brassard wins face-off versus Patrick Marleau in WINNIPEG BEAVERS zone.
14:17 of 2nd period - Minor Penalty to Aaron Ekblad for Slashing.
14:18 of 2nd period - Joe Pavelski wins face-off versus Richard Panik in REGINA FALCONS zone.
14:39 of 2nd period - Shot by David Krejci.
14:39 of 2nd period - Shot Misses the Net.
14:45 of 2nd period - Shot by Ondrej Palat.
14:45 of 2nd period - Deflect By Joel Armia.
14:45 of 2nd period - Shot Blocked by Marc-Edouard Vlasic.
14:47 of 2nd period - Shot by Ondrej Palat.
14:47 of 2nd period - Shot Blocked by Marc-Edouard Vlasic.
14:49 of 2nd period - Shot by Joel Armia.
14:49 of 2nd period - Stopped by Tristan Jarry without a rebound.
14:50 of 2nd period - Mika Zibanejad wins face-off versus Greg McKegg in REGINA FALCONS zone.
15:01 of 2nd period - Shot by Mika Zibanejad.
15:01 of 2nd period - Shot Misses the Net.
15:03 of 2nd period - Shot by Brad Marchand.
15:03 of 2nd period - Shot Blocked by Brenden Dillon.
16:11 of 2nd period - Marc-Edouard Vlasic is hit by Brad Marchand.
16:20 of 2nd period - Icing by Kris Russell.
16:21 of 2nd period - Derick Brassard wins face-off versus Sean Kuraly in WINNIPEG BEAVERS zone.
17:17 of 2nd period - Colin Wilson is hit by Brenden Dillon and loses puck.
17:53 of 2nd period - Shot by Jonathan Audy-Marchessault.
17:53 of 2nd period - Shot Misses the Net.
18:49 of 2nd period - Icing by Tanner Pearson.
18:50 of 2nd period - Brad Marchand wins face-off versus Derick Brassard in REGINA FALCONS zone.
18:51 of 2nd period - Shot by Mika Zibanejad.
18:51 of 2nd period - Shot Blocked by David Pastrnak.
18:59 of 2nd period - Shot by Brad Marchand.
18:59 of 2nd period - Stopped by Tristan Jarry without a rebound.
19:00 of 2nd period - Mika Zibanejad wins face-off versus Jonathan Miller in REGINA FALCONS zone.
19:11 of 2nd period - Shot by Jonathan Miller.
19:11 of 2nd period - Goal by Jonathan Miller - WINNIPEG BEAVERS : 1 - REGINA FALCONS : 2.
19:12 of 2nd period - Jonathan Miller wins face-off versus David Krejci in neutral zone.
19:15 of 2nd period - Ondrej Palat is hit by Brenden Dillon and loses puck.
19:36 of 2nd period - Shot by Max Pacioretty.
19:36 of 2nd period - Shot Blocked by Ian Cole.
19:43 of 2nd period - Off-side.
19:44 of 2nd period - Derick Brassard wins face-off versus Mika Zibanejad in neutral zone.
Goals for this period are 0 for WINNIPEG BEAVERS vs 2 for REGINA FALCONS.
Shots for this period are 3 for WINNIPEG BEAVERS vs 16 for REGINA FALCONS.

3rd period


0:01 of 3rd period - Mika Zibanejad wins face-off versus Derick Brassard in neutral zone.
0:11 of 3rd period - Mika Zibanejad is hit by Anton Stralman and loses puck.
0:29 of 3rd period - Icing by Dylan DeMelo.
0:30 of 3rd period - Jonathan Miller wins face-off versus Joe Pavelski in WINNIPEG BEAVERS zone.
0:33 of 3rd period - Shot by Jonathan Audy-Marchessault.
0:33 of 3rd period - Stopped by Linus Ullmark without a rebound.
0:34 of 3rd period - David Krejci wins face-off versus Jonathan Miller in WINNIPEG BEAVERS zone.
0:34 of 3rd period - Alexander Radulov is hit by Max Pacioretty and loses puck.
0:43 of 3rd period - Shot by Jonathan Audy-Marchessault.
0:43 of 3rd period - Shot Hit the Post.
0:45 of 3rd period - Shot by Jonathan Audy-Marchessault.
0:45 of 3rd period - Stopped by Linus Ullmark with a rebound.
0:47 of 3rd period - Shot by Jonathan Audy-Marchessault.
0:47 of 3rd period - Stopped by Linus Ullmark without a rebound.
0:48 of 3rd period - Tyler Bozak wins face-off versus Mika Zibanejad in WINNIPEG BEAVERS zone.
1:05 of 3rd period - Shot by Corey Perry.
1:05 of 3rd period - Stopped by Linus Ullmark with a rebound.
1:07 of 3rd period - Shot by Anton Stralman.
1:07 of 3rd period - Shot Misses the Net.
1:58 of 3rd period - Off-side.
1:59 of 3rd period - Patrick Marleau wins face-off versus Jonathan Miller in neutral zone.
2:32 of 3rd period - Shot by Max Pacioretty.
2:32 of 3rd period - Stopped by Linus Ullmark without a rebound.
2:33 of 3rd period - David Krejci wins face-off versus Derick Brassard in WINNIPEG BEAVERS zone.
2:40 of 3rd period - Icing by David Pastrnak.
2:41 of 3rd period - David Krejci wins face-off versus Derick Brassard in REGINA FALCONS zone.
2:49 of 3rd period - Icing by David Pastrnak.
2:50 of 3rd period - David Krejci wins face-off versus Derick Brassard in REGINA FALCONS zone.
2:52 of 3rd period - Ondrej Palat is hit by Anton Stralman and loses puck.
3:00 of 3rd period - Alexander Radulov is hit by Anton Stralman.
3:07 of 3rd period - Icing by Aaron Ekblad.
3:08 of 3rd period - Mika Zibanejad wins face-off versus Derick Brassard in REGINA FALCONS zone.
3:08 of 3rd period - Brad Marchand is hit by Anton Stralman and loses puck.
3:37 of 3rd period - Shot by Tanner Pearson.
3:37 of 3rd period - Goal by Tanner Pearson - WINNIPEG BEAVERS : 1 - REGINA FALCONS : 3.
3:38 of 3rd period - Jonathan Miller wins face-off versus Alexander Radulov in neutral zone.
4:03 of 3rd period - Shot by Max Pacioretty.
4:03 of 3rd period - Shot Blocked by Dylan DeMelo.
4:05 of 3rd period - Shot by Jonathan Miller.
4:05 of 3rd period - Goal by Jonathan Miller - WINNIPEG BEAVERS : 1 - REGINA FALCONS : 4.
4:06 of 3rd period - Mika Zibanejad wins face-off versus Tyler Bozak in neutral zone.
4:13 of 3rd period - Minor Penalty to Corey Perry for Tripping.
4:14 of 3rd period - Mika Zibanejad wins face-off versus Nick Cousins in REGINA FALCONS zone.
4:22 of 3rd period - Shot by Alexander Radulov.
4:22 of 3rd period - Stopped by Tristan Jarry with a rebound.
4:44 of 3rd period - Shot by Mika Zibanejad.
4:44 of 3rd period - Shot Misses the Net.
4:46 of 3rd period - Shot by Mika Zibanejad.
4:46 of 3rd period - Shot Misses the Net.
4:48 of 3rd period - Shot by Mika Zibanejad.
4:48 of 3rd period - Shot Misses the Net.
4:50 of 3rd period - Shot by Brad Marchand.
4:50 of 3rd period - Goal by Brad Marchand - WINNIPEG BEAVERS : 2 - REGINA FALCONS : 4.
4:51 of 3rd period - Jonathan Miller wins face-off versus Patrick Marleau in neutral zone.
5:22 of 3rd period - Shot by Patrick Marleau.
5:22 of 3rd period - Shot Misses the Net.
5:24 of 3rd period - Shot by Joel Armia.
5:24 of 3rd period - Stopped by Tristan Jarry without a rebound.
5:25 of 3rd period - Mika Zibanejad wins face-off versus Derick Brassard in REGINA FALCONS zone.
6:08 of 3rd period - Shot by Brad Marchand.
6:08 of 3rd period - Stopped by Tristan Jarry with a rebound.
6:49 of 3rd period - Icing by Anthony DeAngelo.
6:50 of 3rd period - David Krejci wins face-off versus Jonathan Miller in WINNIPEG BEAVERS zone.
7:08 of 3rd period - Alexander Radulov is hit by Erik Gustafsson and loses puck.
7:57 of 3rd period - Shot by Nick Cousins.
7:57 of 3rd period - Stopped by Linus Ullmark without a rebound.
7:58 of 3rd period - Derick Brassard wins face-off versus Mika Zibanejad in WINNIPEG BEAVERS zone.
8:34 of 3rd period - Brad Marchand is hit by Tanner Pearson and loses puck.
9:07 of 3rd period - Off-side.
9:08 of 3rd period - Jonathan Miller wins face-off versus Patrick Marleau in neutral zone.
9:11 of 3rd period - Shot by Max Pacioretty.
9:11 of 3rd period - Shot Hit the Post.
9:28 of 3rd period - Shot by Max Pacioretty.
9:28 of 3rd period - Stopped by Linus Ullmark without a rebound.
9:29 of 3rd period - Tyler Bozak wins face-off versus Colin Wilson in WINNIPEG BEAVERS zone.
9:43 of 3rd period - Icing by Sean Kuraly.
9:44 of 3rd period - Sean Kuraly wins face-off versus Jonathan Audy-Marchessault in WINNIPEG BEAVERS zone.
10:15 of 3rd period - Shot by Jonathan Audy-Marchessault.
10:15 of 3rd period - Stopped by Linus Ullmark without a rebound.
10:16 of 3rd period - Tyler Bozak wins face-off versus David Krejci in WINNIPEG BEAVERS zone.
10:22 of 3rd period - Minor Penalty to Justin Braun for Interference.
10:23 of 3rd period - Joe Pavelski wins face-off versus Derick Brassard in WINNIPEG BEAVERS zone.
11:24 of 3rd period - Shot by Jonathan Miller.
11:24 of 3rd period - Stopped by Linus Ullmark with a rebound.
11:39 of 3rd period - Shot by Anton Stralman.
11:39 of 3rd period - Shot Blocked by David Krejci.
11:41 of 3rd period - Shot by David Pastrnak.
11:41 of 3rd period - Shot Misses the Net.
11:43 of 3rd period - Shot by Jonathan Miller.
11:43 of 3rd period - Deflect By David Pastrnak.
11:43 of 3rd period - Stopped by Linus Ullmark without a rebound.
11:44 of 3rd period - Jonathan Miller wins face-off versus Joe Pavelski in WINNIPEG BEAVERS zone.
12:35 of 3rd period - Shot by Richard Panik.
12:35 of 3rd period - Shot Misses the Net.
13:23 of 3rd period - Shot by Tanner Pearson.
13:23 of 3rd period - Shot Misses the Net.
13:25 of 3rd period - Shot by David Pastrnak.
13:25 of 3rd period - Stopped by Linus Ullmark with a rebound.
13:27 of 3rd period - Shot by David Pastrnak.
13:27 of 3rd period - Stopped by Linus Ullmark without a rebound.
13:28 of 3rd period - Jonathan Miller wins face-off versus David Krejci in WINNIPEG BEAVERS zone.
15:50 of 3rd period - Shot by Brandon Tanev.
15:50 of 3rd period - Deflect By Joel Armia.
15:50 of 3rd period - Stopped by Tristan Jarry with a rebound.
16:02 of 3rd period - Dylan DeMelo is hit by Derick Brassard.
16:05 of 3rd period - Michael Raffl is hit by Brenden Dillon and loses puck.
16:18 of 3rd period - Shot by Michael Raffl.
16:18 of 3rd period - Stopped by Tristan Jarry without a rebound.
16:19 of 3rd period - David Krejci wins face-off versus Jonathan Miller in REGINA FALCONS zone.
18:33 of 3rd period - Shot by Joel Armia.
18:33 of 3rd period - Stopped by Tristan Jarry with a rebound.
19:06 of 3rd period - Off-side.
19:07 of 3rd period - Tyler Bozak wins face-off versus David Krejci in neutral zone.
19:52 of 3rd period - Icing by Anton Stralman.
19:53 of 3rd period - Tyler Bozak wins face-off versus Mika Zibanejad in REGINA FALCONS zone.
Goals for this period are 1 for WINNIPEG BEAVERS vs 2 for REGINA FALCONS.
Shots for this period are 7 for WINNIPEG BEAVERS vs 14 for REGINA FALCONS.


DARCY
KUEMPER
JAKE
OETTINGER
NINO
NIEDERREITER

EAST COAST

HOCKEY LEAGUE

  • 1.CHI2QUE4
  • 2.LIM2CHA3
  • 3.LON3TRV5
  • 4.BAL5CHW6
  • 5.MANPIT
  • 6.NHWATL
  • 7.PETWOR
  • 8.RHI